 Dungeon Crawl Stone Soup version 0.22-a0-351-g29664b4 (webtiles) character file.

229 b5mith the Skirmisher (level 5, -5/50 HPs)
             Began as a Minotaur Berserker on Apr 12, 2018.
             Was a Priest of Trog.
             Killed by nerve-wracking pain
             ... invoked by an orc priest
              (14 damage)
             ... on level 4 of the Dungeon.
             The game lasted 00:06:32 (2138 turns).

b5mith the Skirmisher (Minotaur Berserker)          Turns: 2138, Time: 00:06:33

Health: -5/50      AC:  6    Str: 28    XL:     5   Next: 71%
Magic:  4/4        EV: 11    Int:  4    God:    Trog [***...]
Gold:   233        SH:  0    Dex:  9    Spells: 4/4 levels left

rFire    . . .     SeeInvis .   a - +2 scimitar (venom)
rCold    . . .     Gourm    .   (no shield)
rNeg     . . .     Faith    .   p - +0 ring mail
rPois    .         Spirit   .   (helmet restricted)
rElec    .         Reflect  .   (no cloak)
rCorr    .         Harm     .   (no gloves)
MR       .....                  e - +0 pair of boots
Stlth    +.........             (no amulet)
HPRegen  0.16/turn              q - ring of flight
MPRegen  0.09/turn              x - ring of stealth

@: mighty, flying
A: retaliatory headbutt, horns 2
a: Berserk, Trog's Hand, Renounce Religion


You were on level 4 of the Dungeon.
You worshipped Trog.
Trog was most pleased with you.
You were not hungry.

You visited 1 branch of the dungeon, and saw 4 of its levels.

You collected 233 gold pieces.

Inventory:

Hand Weapons
 a - a +2 scimitar of venom (weapon)
   (You found it on level 2 of the Dungeon)
 s - a +0 falchion
Missiles
 n - 21 sling bullets
 A - 4 tomahawks (quivered)
Armour
 b - a +0 animal skin
 e - a +0 pair of boots (worn)
   (You found it on level 1 of the Dungeon)
 p - a +0 ring mail (worn)
   (You found it on level 2 of the Dungeon)
Jewellery
 q - a ring of flight (left hand)
   (You found it on level 2 of the Dungeon)
 x - a ring of stealth (right hand)
   (You found it on level 3 of the Dungeon)
 y - an uncursed ring of fire
   (You found it on level 3 of the Dungeon)
Wands
 C - a wand of disintegration (16)
   (You found it on level 3 of the Dungeon)
Scrolls
 g - 3 scrolls of enchant armour {unknown}
 h - a scroll of fear {unknown}
 j - 2 scrolls of teleportation {unknown}
 m - 2 scrolls of amnesia
 o - 2 scrolls of remove curse {unknown}
 r - 3 scrolls of identify {unknown}
 t - a scroll of enchant weapon {unknown}
 B - a scroll of immolation {unknown}
Potions
 d - 3 potions of might
 k - a potion of lignification {unknown}
 l - 2 potions of mutation {unknown}
 u - a potion of berserk rage {unknown}
 v - a potion of resistance {unknown}
 w - 2 potions of curing {@q1}
 z - a potion of haste {unknown}
Comestibles
 c - 6 rations
 f - 8 chunks of flesh


   Skills:
 + Level 6.1 Fighting
 + Level 6.1 Long Blades
 - Level 2.4 Armour
 - Level 2.1 Dodging


You had 4 spell levels left.
You didn't know any spells.

Dungeon Overview and Level Annotations

Branches:
Dungeon (4/15)
 Temple: D:4-7

Altars:
Cheibriados
Hepliaklqana


Innate Abilities, Weirdness & Mutations

You reflexively headbutt those who attack you in melee.
You have a pair of horns on your head.


Message History

The orc priest begins to cast a cantrip, but forgets the words!
A magic dart appears from out of thin air!
The magic dart hits you!
* * * LOW HITPOINT WARNING * * *
You're too confused!
You're too confused!
You bump into the rock wall.
The orc priest barely misses you. Something hits you but does no damage.
It was a potion of curing.
You feel better. The orc priest hits you with a club.
* * * LOW HITPOINT WARNING * * *
Something hits you.
* * * LOW HITPOINT WARNING * * *
It was a potion of might.
You feel very mighty all of a sudden.
You hear some strange, mumbled words.
A magic dart appears from out of thin air!
The magic dart hits you!
* * * LOW HITPOINT WARNING * * *
Something hits you.
* * * LOW HITPOINT WARNING * * *
The orc priest barely misses you.
You riposte.
You barely miss the orc priest. Your headbutt misses the orc priest.
It was a potion of flight.
You feel very buoyant.
You fly up into the air.
Something hits you but does no damage. x2
The orc priest hits you but does no damage.
You barely miss something.
You hear the slow rusting of a very distant drain.
Something hits you but does no damage. x2; The orc priest barely misses you.
Something hits you.
* * * LOW HITPOINT WARNING * * *
You closely miss something. Something hits you.
* * * LOW HITPOINT WARNING * * *
Something hits you.
* * * LOW HITPOINT WARNING * * *
The orc priest hits you but does no damage.
You closely miss something.
An orc wizard appears from thin air!
Reactivating autopickup.
Something hits you but does no damage.
Deactivating autopickup; reactivate with Ctrl-A.
The orc wizard closely misses you.
You riposte.
You slash the orc wizard!
You kill the orc wizard!
Trog accepts your kill.
Trog appreciates your killing of a magic user.
Your Fighting skill increases to level 6!
Your Long Blades skill increases to level 6!
The orc priest invokes the aid of Beogh against you.
Pain shoots through your body!
You die...

#8...8#
####...####
##8##...##8###8#
................
......⌠.........
................
##8##...##8###8#
####...#### #
#8.{@8# ##.o)##
#...# ##...##
#8.).8# ##...##
#.......#
#.......##
o..#...%##


You could see an orc priest.

Vanquished Creatures
  3 orc wizards
  4 adders (D:2)
  An ooze (D:2)
  2 worms (D:2)
  6 dart slugs
  3 leopard geckos
  10 orcs
  2 giant cockroaches
  8 goblins
  9 hobgoblins
  7 kobolds
  A quokka (D:2)
  9 bats
  7 frilled lizards
  8 rats
80 creatures vanquished.

Notes
Turn   | Place    | Note
-------+----------+-------------------------------------------
     0 | D:1      | b5mith the Minotaur Berserker began the quest for the Orb.
     0 | D:1      | Reached XP level 1. HP: 19/19 MP: 0/0
   185 | D:1      | Reached XP level 2. HP: 27/27 MP: 1/1
   606 | D:1      | Reached XP level 3. HP: 28/34 MP: 2/2
   911 | D:2      | Found a snail-covered altar of Cheibriados.
   924 | D:2      | Reached ** piety under Trog
  1230 | D:2      | Reached skill level 5 in Long Blades
  1230 | D:2      | Reached XP level 4. HP: 33/41 MP: 3/3
  1253 | D:2      | Reached skill level 5 in Fighting
  1648 | D:3      | Reached *** piety under Trog
  1755 | D:3      | Reached XP level 5. HP: 48/48 MP: 4/4
  1794 | D:3      | Found a hazy altar of Hepliaklqana.
  2138 | D:4      | Killed from afar by an orc priest

Vault maps used:
D:1:      dpeg_arrival_arbitrary_a
D:2:      minmay_diamond_boxcup, kennysheep_slug_shrine, feat_on_display
D:3:      lemuel_coloured_pillars_altar, serial_corexii_hall,
          corexii_hall_statues_deadend, corexii_hall_statues_s
D:4:      serial_corexii_hall, corexii_hall_statues_x, corexii_hall_statues_i,
          corexii_hall_statues_x, cheibrodos_sewer_entry_bend, serial_shops,
          shop, first_ration

Skill      XL: |  1  2  3  4  5 |
---------------+----------------+-----
Fighting       | 4 5 6 |  6.1
Long Blades    | 4 5 6 |  6.1
Armour         | |  2.4
Dodging        | |  2.1

Action                   |  1- 3 |  4- 6 || total
-------------------------+-------+-------++-------
Melee: Falchion          |    84 |     4 ||    88
       Headbutt          |    13 |     6 ||    19
       Scimitar          |       |    81 ||    81
  Use: Scroll            |     1 |       ||     1
       Potion            |       |     3 ||     3
 Stab: Sleeping          |       |     1 ||     1
  Eat: Chunk             |     1 |     3 ||     4
Armor: Animal skin       |     7 |       ||     7
       Ring mail         |    14 |    59 ||    73
Dodge: Dodged            |    55 |    62 ||   117
       Rpst.: Falchion   |    14 |       ||    14
       Scimitar          |       |    13 ||    13

Table legend:
 A = Spawn XP
 B = Non-spawn XP
 C = Spawn XP percentage of total XP
 D = Spawn monster count
 E = Non-spawn monster count
 F = Spawn count percentage of total count
 G = Total turns spent on level
                    A         B        C        D         E        F      G
               +---------+---------+-------+---------+---------+-------+---------
         Total |       0 |     328 |   0.0 |       0 |      80 |   0.0 |  2138
               +---------+---------+-------+---------+---------+-------+---------
           D:1 |       0 |      42 |   0.0 |       0 |      23 |   0.0 |   819
           D:2 |       0 |     127 |   0.0 |       0 |      31 |   0.0 |   777
           D:3 |       0 |     121 |   0.0 |       0 |      24 |   0.0 |   492
           D:4 |       0 |      38 |   0.0 |       0 |       2 |   0.0 |    50
               +---------+---------+-------+---------+---------+-------+---------
